 Seeded DCSS version 0.27.1-34-g3ba077fa99 (webtiles) character file.

Game seed: 42708479479 (custom seed)

22 cream7 the Poker (level 2, -1/27 HPs)
             Began as a Minotaur Berserker on Jan 7, 2022.
             Was a Follower of Trog.
             Slain by a goblin (5 damage)
             ... led by Robin
             ... on level 2 of the Dungeon.
             The game lasted 00:05:08 (823 turns).

cream7 the Poker (Minotaur Berserker)                Turns: 823, Time: 00:05:09

Health: -1/27      AC:  2    Str: 21    XL:     2   Next: 68%
Magic:  1/1        EV: 12    Int:  4    God:    Trog [*.....]
Gold:   57         SH:  0    Dex:  9    Spells: 1/1 levels left

rFire    . . .     SeeInvis .   a - +0 spear
rCold    . . .     Faith    .   (no shield)
rNeg     . . .     Spirit   .   b - +0 animal skin
rPois    .         Reflect  .   (helmet restricted)
rElec    .         Harm     .   (no cloak)
rCorr    .         Rampage  .   (no gloves)
Will     .....                  (no boots)
Stlth    +.........             (no amulet)
HPRegen  0.09/turn              (no ring)
MPRegen  0.07/turn              (no ring)

@: no status effects
A: horns 2, retaliatory headbutt
a: Renounce Religion, Berserk


You were on level 2 of the Dungeon.
You worshipped Trog.
Trog was aware of your devotion.
You visited 1 branch of the dungeon, and saw 2 of its levels.

You collected 57 gold pieces.

Inventory:

Hand Weapons
 a - a +0 spear (weapon)
 c - a +0 dagger
 e - a +0 spear
 g - a +0 club
 i - a +0 short sword
Missiles
 d - 20 bolts
 j - 4 stones (quivered)
Armour
 b - a +0 animal skin (worn)
 h - a +0 pair of boots
Potions
 f - a potion of attraction
 k - a potion of cancellation


   Skills:
 + Level 4.1 Fighting
 + Level 4.2 Polearms
 * Level 2.6 Armour
 + Level 2.3 Dodging


You had one spell level left.
You didn't know any spells.
Your spell library contained the following spells:

 Spells                   Type           Power      Damage    Failure   Level
 Summon Small Mammal      Summ           0%         N/A       50%         1
 Call Canine Familiar     Summ           0%         N/A       86%         3
 Summon Guardian Golem    Hex/Summ       0%         N/A       86%         3


Dungeon Overview and Level Annotations

Branches:
Dungeon (2/15)

Altars:

Annotations:
D:2 Robin, Sigmund


Innate Abilities, Weirdness & Mutations

You have a pair of horns on your head.
You reflexively headbutt those who attack you in melee.


Message History

You kill the goblin!
Trog accepts your kill. The bat hits you but does no damage.
The bat completely misses you. The endoplasm freezes you.
You are frozen.
Robin throws the goblin at you! The goblin barely misses you.
The goblin hits you but does no damage.
You puncture the goblin!
You kill the goblin!
Trog accepts your kill. The bat barely misses you. You furiously retaliate!
You headbutt the bat. The bat hits you. The goblin hits you with a +0 dagger.
The goblin barely misses you. You furiously retaliate!
You headbutt the goblin!
You kill the goblin!
Trog accepts your kill. The endoplasm freezes you.
You are frozen.
You hit the bat.
You kill the bat!
Trog accepts your kill. The bat barely misses you.
Robin throws the goblin at you! The goblin misses you.
The goblin hits you but does no damage. The endoplasm freezes you.
You are frozen.
Sigmund mumbles some strange words.
Sigmund flickers and vanishes!
Deactivating autopickup; reactivate with Ctrl-A.
The goblin completely misses you. You furiously retaliate!
You headbutt the goblin.
You kill the goblin!
Trog accepts your kill.
It was a potion of cancellation.
You feel magically purged. The bat completely misses you.
The goblin hits you with a +0 dagger. The goblin closely misses you.
You furiously retaliate!
You headbutt the goblin. The endoplasm freezes you.
You are frozen.
* * * LOW HITPOINT WARNING * * *
The bat barely misses you. Robin throws the goblin at you!
The goblin hits you with a +0 dagger.
You die...

.# .# # #
##.##.. #.##
......# #...##
....###
#gg.#J(..... #)
#.#.###......).
. #. ##.......
. ....... .
.......


You could see Robin, an endoplasm, a hobgoblin (strong), 2 goblins and a bat.

Vanquished Creatures
  An endoplasm (D:1)
  6 goblins
  2 hobgoblins (D:1)
  2 jackals (D:1)
  2 kobolds (D:1)
  A quokka (D:1)
  A bat (D:2)
  A frilled lizard (D:1)
  3 rats (D:1)
19 creatures vanquished.

Vanquished Creatures (others)
  3 plants (D:1)
3 creatures vanquished.

Grand Total: 22 creatures vanquished

Notes
Turn   | Place    | Note
-------+----------+-------------------------------------------
     0 | D:1      | cream7 the Minotaur Berserker began the quest for the Orb.
     0 | D:1      | Reached XP level 1. HP: 19/19 MP: 0/0
   295 | D:1      | Reached XP level 2. HP: 25/27 MP: 1/1
   489 | D:1      | Found a faded altar of an unknown god.
   816 | D:2      | Noticed Sigmund
   816 | D:2      | Noticed Robin
   823 | D:2      | Slain by a goblin

Illustrated notes

Levels and vault maps discovered:
D:1:      psy_arrival_fountain, layout_basic,
          ebering_ecumenical_altar_sacrificial
D:2:      layout_rooms, minmay_crystal_water, uniq_sigmund, uniq_robin

Skill      XL: |  1  2 |
---------------+-------+-----
Polearms       | 4 |  4.2
Fighting       | 4 |  4.1
Armour         | |  2.6
Dodging        | |  2.3

Action                   || total
-------------------------++-------
Melee: Spear             ||    53
       Headbutt          ||    11
  Use: Scroll            ||     3
       Potion            ||     1
Armor: Animal skin       ||     9
Dodge: Dodged            ||    27
